AoeStats
← fulekiszili

Arabia

506664845Analyzed
1v1 RM · 19d ago on Sep 14, 2026· 30m 34s· 2 players
Game mode
Random Map
Map size
Tiny (2 player)
Population
200
Speed
Normal
Resources
Standard
Victory
Conquest
Starting age
Dark Age
Ending age
Imperial Age
RankedLock teamsTeams togetherTeam positionsShared explorationLock speedFull tech treeHidden civsTurbo modeCheats
Victory
Defeat
🇲🇦 Franks · Morocco
676
+15
🇷🇴 Romans · Romania
657
-33
fulekiszili
9:23 Feudal Age
10:45 Wheelbarrow
11:23 Double-Bit Axe
12:10 Horse Collar
13:08 Gold Mining
23:18 Scale Mail Armor
28:34 Forging
TITAN
11:22 Feudal Age
9:39 Loom
11:55 Double-Bit Axe
22:35 Castle Age
21:11 Wheelbarrow
20:05 Man-at-Arms
20:31 Arson
20:57 Scale Mail Armor
22:35 Fletching
22:47 Padded Archer Armor
23:21 Crossbowman
24:08 Gold Mining
24:51 Bow Saw
26:04 Long Swordsman
26:47 Squires
28:00 Forging
Connection lost

Rejoining the realm…

Still unreachable

The connection could not be restored.

Session expired

The server has moved on; the page needs a fresh start.